 Dungeon Crawl Stone Soup version 0.19-a0-1513-gf6d23ed (webtiles) character file.

174362 rlgrobin the Infuser (level 17, -5/96 HPs)
             Began as a Spriggan Gladiator on Sept 12, 2016.
             Was an Initiate of Gozag.
             Killed by the raging water
             ... invoked by a water nymph
              (32 damage)
             ... on level 1 of the Shoals.
             The game lasted 01:57:50 (46541 turns).

rlgrobin the Infuser (Spriggan Gladiator)          Turns: 46541, Time: 01:57:51

Health: -5/96      AC: 11    Str: 17    XL:     17   Next: 45%
Magic:  20/24      EV: 30    Int: 15    God:    Gozag
Gold:   1322       SH:  8    Dex: 23    Spells: 5 memorised, 8 levels left

rFire  . . .     SeeInvis +     a - +1 lajatang of Virtue {flame, Str+3}
rCold  + . .     Gourm    .     I - +1 troll leather armour "Qysh" {MR+ Regen+ Slay+3}
rNeg   . . .     Faith    .     (shield currently unavailable)
rPois  .         Spirit   .     R - +2 hat {SInv}
rElec  .         Dismiss  .     y - +2 cloak {MR+}
rCorr  .         Reflect  +     (gloves unavailable)
MR     ++++.     Harm     .     (boots unavailable)
Stlth  ++++......               h - brooch of Shielding {Reflect SH+8}
                                P - ring "Fapishru" {Dex+2 Slay+2}
                                S - ring of Absolutism {rC+ Int+3 Dex+3 Slay+2 Stlth+}

@: shrouded, repel missiles, very quick
A: unfitting armour, see invisible, herbivore 3, speed 3, slow metabolism 2
a: Potion Petition, Call Merchant, Bribe Branch, Renounce Religion


You were on level 1 of the Shoals.
You worshipped Gozag.
Gozag was most pleased with you.
You were not hungry.

You visited 7 branches of the dungeon, and saw 31 of its levels.
You also visited: Labyrinth, Bailey and Volcano.

You collected 11756 gold pieces.
You spent 3347 gold pieces at shops.
You paid 7087 gold pieces to Gozag.

Inventory:

Hand Weapons
 a - the +1 lajatang of Virtue (weapon) {flame, Str+3}
   (You acquired it on level 9 of the Dungeon)

   It has been specially enchanted to burn those struck by it, causing extra
   injury to most foes and up to half again as much damage against particularly
   susceptible opponents.
   Big, fiery blades are also staple armaments of hydra-hunters.
   It affects your strength (+3).
 U - a +4 greatsling of flaming
 Z - a +0 blowgun
Missiles
 d - 7 throwing nets {=f}
 q - 32 tomahawks (quivered)
 J - 14 poisoned needles
 K - 119 sling bullets
 N - 6 curare-tipped needles
 O - 29 tomahawks of returning
Armour
 p - the +3 hat of Pondering {ponderous, MR+ MP+10 Int+5}
   (You took it off Gastronok on level 11 of the Dungeon)

   It affects your intelligence (+5).
   It affects your resistance to hostile enchantments.
   It affects your magic capacity (+10).
 y - a +2 cloak of magic resistance (worn)
 D - the +1 robe of the Pit {rPois MR+ Str+4}
   (You found it on level 15 of the Dungeon)

   It affects your strength (+4).
   It protects you from poison.
   It affects your resistance to hostile enchantments.
 I - the +1 troll leather armour "Qysh" (worn) {MR+ Regen+ Slay+3}
   (You bought it in a shop on level 3 of the Spider Nest)

   It affects your accuracy and damage with ranged weapons and melee attacks
   (+3).
   It affects your resistance to hostile enchantments.
   It increases your rate of regeneration.
 R - a +2 hat of see invisible (worn)
Rods
 z - a +1 rod of clouds (14/14) {!a}
   (You took it off an orc warrior on level 1 of the Orcish Mines)
Jewellery
 h - the brooch of Shielding (around neck) {Reflect SH+8}
   (You bought it in a shop on level 2 of the Elven Halls)

   [amulet of reflection]

   It shields you and reflects attacks.
   It affects your SH (+8).
 r - an uncursed ring of flight
 P - the ring "Fapishru" (right hand) {Dex+2 Slay+2}
   (You bought it in a shop on level 13 of the Dungeon)

   [ring of dexterity]

   It affects your dexterity (+2).
   It affects your accuracy and damage with ranged weapons and melee attacks
   (+2).
 S - the ring of Absolutism (left hand) {rC+ Int+3 Dex+3 Slay+2 Stlth+}
   (You found it in a labyrinth)

   [ring of stealth]

   It affects your intelligence (+3).
   It affects your dexterity (+3).
   It affects your accuracy and damage with ranged weapons and melee attacks
   (+2).
   It protects you from cold.
   It makes you more stealthy.
Wands
 b - a wand of paralysis (9/24)
 s - a wand of teleportation (5/9)
 v - a wand of iceblast (6/15)
 C - a wand of digging (4/24)
 E - a wand of teleportation (3/9)
 Q - a wand of teleportation (9/9)
Scrolls
 l - 2 scrolls of enchant armour
 n - 9 scrolls of teleportation
 o - 3 scrolls of remove curse
 t - 2 scrolls of fog
 w - a scroll of silence
 A - 3 scrolls of magic mapping
 B - 3 scrolls of recharging
 F - 5 scrolls of enchant weapon
 M - 2 scrolls of identify
 V - 3 scrolls of fear
Potions
 e - 2 potions of cure mutation
 g - 12 potions of curing
 i - 8 potions of might
 j - 7 potions of agility
 k - 6 potions of berserk rage
 m - 5 potions of heal wounds
 u - 7 potions of cancellation
 x - 5 potions of invisibility
 G - 3 potions of brilliance
 H - 3 potions of ambrosia
 L - a potion of haste
 T - a potion of resistance
 Y - 3 potions of flight
Miscellaneous
 c - a box of beasts
 W - 2 phantom mirrors
 X - a fan of gales
Comestibles
 f - 4 bread rations


   Skills:
 - Level 13.6 Fighting
 - Level 14.0 Staves
 - Level 6.4(8.5) Slings
 - Level 7.2(8.0) Throwing
 + Level 7.6 Armour
 - Level 12.0 Dodging
 - Level 11.1 Stealth
 - Level 2.6 Spellcasting
 - Level 14.5 Charms
 - Level 7.0 Translocations
 - Level 8.1 Evocations


You had 8 spell levels left.
You knew the following spells:

 Your Spells              Type           Power        Failure   Level  Hunger
a - Apportation           Tloc           ###.......   1%          1    #......
c - Shroud of Golubria    Chrm/Tloc      ####......   1%          2    ###....
h - Haste                 Chrm           #####...     12%         6    #######
q - Blink                 Tloc           N/A          1%          2    ###....
v - Repel Missiles        Chrm/Air       ###...       1%          2    ###....


Dungeon Overview and Level Annotations

Branches:
Dungeon (15/15)            Temple (1/1) D:6            Lair (6/6) D:8
 Shoals (1/4) Lair:2       Spider (4/4) Lair:3        Slime (0/5) Lair:6
    Orc (2/2) D:10            Elf (2/3) Orc:2        Vaults (0/5) D:13
 Depths (0/5) D:15

Altars:
Ashenzari
Cheibriados
Dithmenos
Elyvilon
Fedhas
Gozag
Hepliaklqana
Kikubaaqudgha
Makhleb
Nemelex Xobeh
Okawaru
Qazlal
Ru
Sif Muna
Trog
Uskayaw
Vehumet
Xom
Yredelemnul
Zin
The Shining One
Beogh
Lugonu

Shops:
D:7 *   D:8 *:   D:9 (   D:10 (   D:13 *==   D:15 ?   Orc:1 *   Orc:2 }%*?
Elf:2 (=}=   Lair:1 *   Lair:5 [   Shoals:1 :   Spider:3 [

Portals:
Trove: Elf:1 (give 20 potions of curing)

Annotations:
D:10 exclusions: door and 1 more exclusion, Snorg
Lair:3 best lab ever
Lair:5 exclusion: 2 oklob plants


Innate Abilities, Weirdness & Mutations

You are tiny and cannot use many weapons and most armour.
You have supernaturally acute eyesight. (SInv)
You are a herbivore.
You cover ground extremely quickly.
You need consume almost no food.


Message History

The tomahawk closely misses the water nymph.
You hear a splash.
You feel very sick. You block the sea snake's attack.
Casting: Blink
Confirm with . or Enter, or press ? or * to list all spells.
You blink.
Splash!
You feel very sick.
The water nymph gestures at you while chanting.
The water swirls and strikes you!
* * * LOW HITPOINT WARNING * * *
Okay, then.
Unknown command.
You feel better.
The sea snake bites you but does no damage. x2
The water nymph points at you and mumbles some strange words.
The water swirls and strikes you!
You die...
Your body crumbles into a pile of gold.

...≈≈≈≈≈≈≈≈P≈≈≈≈P≈≈.P..
...≈≈≈≈≈≈PP≈≈..≈.≈P%.P..
...≈≈≈≈≈≈≈P≈≈≈.≈≈#≈P≈≈≈.
...≈≈≈≈≈≈≈≈≈≈≈≈PP(P≈PP≈.
...≈≈≈≈≈≈≈≈≈≈≈≈≈(P≈≈≈≈≈≈
#..≈≈≈≈≈≈≈≈≈≈P≈P≈≈≈≈P≈≈≈
##.≈≈≈≈≈≈≈≈≈≈≈≈≈m≈≈P≈≈≈P
#.≈≈≈≈≈≈≈≈≈≈≈≈≈≈P≈≈≈≈≈≈≈
..≈≈≈≈≈≈≈≈≈≈≈≈§S@≈≈≈≈≈≈≈
≈≈≈≈≈≈≈≈≈≈≈≈≈≈≈≈≈≈≈≈≈≈≈≈
≈≈≈≈≈≈≈≈≈≈≈≈≈≈≈≈≈≈≈≈≈≈≈≈
≈≈≈≈≈≈≈≈≈≈≈≈≈≈≈≈≈≈≈≈≈≈≈≈
≈≈≈≈≈≈≈≈≈≈≈≈≈≈≈≈≈≈≈≈≈≈≈≈
≈≈≈≈≈≈≈≈≈≈≈≈≈≈≈≈≈≈≈≈≈≈≈≈
≈≈≈≈≈≈≈≈≈≈≈≈≈≈≈≈≈≈≈≈≈≈≈≈
≈≈≈≈≈≈≈≈≈≈≈≈≈≈≈≈≈≈≈≈≈≈≈≈


You could see a sea snake and a water nymph.

Vanquished Creatures
  A deep elf blademaster (Elf:2)
  Gastronok (D:11)
  Frances (Spider:1)
  Louise (Spider:1)
  2 deep elf sorcerers (Elf:1)
  2 orc warlords
  Nessos (D:14)
  A dire elephant (D:15)
  A spark wasp (Spider:3)
  A fire dragon (D:15)
  Josephine (D:14)
  8 vault guards (D:13)
  A great orb of eyes (D:15)
  The ghost of rlgrobin the Frost Mage, a journeyman NaIE of Vehumet (D:10)
  Erica (Lair:2)
  7 hydras
  A death knight (D:14)
  4 centaur warriors
  A tengu warrior (D:15)
  9 death yaks
  An ogre mage (Volcano)
  An orc high priest (Orc:1)
  Urug (D:14)
  11 deep elf knights
  2 unseen horrors
  3 sea snakes (Shoals:1)
  6 deep elf archers (Elf:1)
  2 wizards
  7 hill giants
  A phantasmal warrior (D:14)
  10 orc knights
  33 deep elf magi
  Pikel (D:8)
  5 harpies (Shoals:1)
  4 orb spiders
  3 hornets
  7 ugly things
  4 orc sorcerers
  5 griffons
  2 moths of wrath (Spider:1)
  5 wolf spiders
  3 cyclopes
  5 black mambas
  2 manticores (D:15)
  2 sirens (Shoals:1)
  10 elephants
  3 torpor snails
  7 centaur skeletons
  A gargoyle (D:13)
  11 spiny frogs
  A kobold demonologist (D:15)
  2 rime drakes
  4 yaktaurs (D:15)
  An efreet (D:15)
  5 komodo dragons
  2 yaktaurs (shapeshifter)
  A freezing wraith (D:14)
  7 demonic crawlers
  5 trolls
  A merfolk (Shoals:1)
  A queen bee (shapeshifter) (D:15)
  4 polar bears (Lair:6)
  9 jumping spiders
  7 slime creatures
  4 two-headed ogres
  9 blink frogs (Lair:4)
  2 snapping turtles
  2 dream sheep (Lair:6)
  4 air elementals
  A shadow (D:11)
  31 redbacks
  6 wraiths (D:14)
  16 spriggans (Lair:6)
  7 water elementals
  35 yaks
  A wyvern (Lair:3)
  17 tarantellas
  6 basilisks
  4 vampire mosquitoes (D:15)
  A fire elemental (Elf:2)
  A wyvern (shapeshifter) (D:8)
  6 hippogriffs
  2 swamp worms (D:10)
  3 mottled dragons
  2 soldier ants
  11 wargs
  7 water moccasins
  The ghost of jacquesderrida the Ruffian, an amateur VSWn (D:4)
  9 porcupines
  3 sky beasts
  2 slaves (D:8)
  2 ice beasts
  56 orc warriors
  2 black bears (Lair:6)
  5 boggarts
  17 ogres
  3 phantoms
  4 centaurs
  7 wasps
  18 wolves
  22 crocodiles
  2 big kobolds (D:10)
  20 giant frogs
  5 earth elementals
  A wyvern zombie (D:10)
  9 scorpions
  5 killer bees (D:7)
  14 wights
  2 electric eels (D:14)
  7 centaur zombies
  A giant frog zombie (D:11)
  4 howler monkeys
  7 crimson imps
  A quasit (D:7)
  3 giant frog skeletons
  10 hounds
  5 jellies
  24 orc priests
  A gnoll shaman (D:5)
  22 orc wizards
  Crazy Yiuf (D:4)
  15 iguanas
  10 worker ants
  A killer bee zombie (D:5)
  A worker ant zombie (D:6)
  3 howler monkey skeletons
  5 gnolls
  13 adders
  60 river rats
  3 shadow imps
  8 oozes
  An adder skeleton (D:8)
  2 adder zombies
  19 worms
  2 dart slugs
  14 giant geckos
  127 orcs
  A ball python (D:4)
  8 giant cockroaches
  21 goblins
  9 hobgoblins
  4 jackals
  36 kobolds
  4 quokkas
  12 bats
  A giant gecko skeleton (D:5)
  A giant gecko zombie (D:5)
  20 giant newts
  A quokka zombie (D:5)
  5 rats
  2 fungi
1136 creatures vanquished.

Vanquished Creatures (collateral kills)
  The ghost of ThereIsNoGod the Executioner, a journeyman MiGl of Makhleb (Orc:2)
  An ogre mage (D:15)
  An orc knight (D:15)
  2 two-headed ogres (D:15)
  A warg (Orc:2)
  An orc warrior (D:15)
  A giant frog (D:15)
  An orc wizard (D:15)
  2 orcs (Orc:2)
11 creatures vanquished.

Vanquished Creatures (others)
  21 dancing weapons
  A deep elf knight (Elf:2)
  A slave (D:8)
  A worker ant (D:8)
  3 river rats (Lair:6)
  20 fungi
  6 plants
53 creatures vanquished.

Grand Total: 1200 creatures vanquished

Notes
Turn   | Place    | Note
-------+----------+-------------------------------------------
     0 | D:1      | rlgrobin the Spriggan Gladiator began the quest for the Orb.
     0 | D:1      | Reached XP level 1. HP: 10/10 MP: 2/2
   152 | D:1      | Reached XP level 2. HP: 14/14 MP: 3/3
   799 | D:1      | Reached XP level 3. HP: 9/18 MP: 4/4
  1245 | D:2      | Found a blossoming altar of Fedhas.
  1281 | D:2      | Found a stormy altar of Qazlal.
  1698 | D:2      | Found an ancient bone altar of Kikubaaqudgha.
  1883 | D:2      | Found a shadowy altar of Dithmenos.
  1892 | D:2      | Reached XP level 4. HP: 22/22 MP: 5/5
  1988 | D:2      | Found a basalt altar of Yredelemnul.
  2733 | D:3      | Found a radiant altar of Vehumet.
  2733 | D:3      | Found a shimmering altar of Xom.
  3189 | D:4      | Noticed an ogre
  3215 | D:4      | Reached skill level 1 in Stealth
  3296 | D:4      | Noticed jacquesderrida's ghost (amateur VSWn)
  3355 | D:4      | Found a bloodstained altar of Trog.
  3399 | D:4      | Reached skill level 1 in Slings
  3399 | D:4      | Reached XP level 5. HP: 15/25 MP: 6/6
  3589 | D:4      | Noticed an ogre
  3646 | D:4      | Killed an ogre
  3646 | D:4      | Reached XP level 6. HP: 30/30 MP: 7/7
  3869 | D:4      | Reached skill level 5 in Slings
  3948 | D:4      | Found a runed door.
  3952 | D:4      | Noticed Crazy Yiuf
  3981 | D:4      | Killed Crazy Yiuf
  4184 | D:4      | Killed jacquesderrida's ghost
  4286 | D:5      | Entered Level 5 of the Dungeon
  4321 | D:5      | Reached XP level 7. HP: 21/33 MP: 8/8
  5160 | D:4      | Reached skill level 5 in Staves
  5465 | D:4      | Reached XP level 8. HP: 19/37 MP: 9/9
  6060 | D:6      | Found a hide-covered altar of Uskayaw.
  6668 | D:6      | Found a staircase to the Ecumenical Temple.
  6683 | Temple   | Entered the Ecumenical Temple
  7060 | D:7      | Found a snail-covered altar of Cheibriados.
  7209 | D:7      | Found a glowing golden altar of the Shining One.
  7319 | D:7      | Reached skill level 5 in Fighting
  7630 | D:7      | Found Gogo's General Store.
  8229 | D:7      | Found an iron altar of Okawaru.
  8288 | D:7      | Reached XP level 9. HP: 40/48 MP: 10/10
  8828 | D:8      | Found an opulent altar of Gozag.
  9086 | D:8      | Noticed Pikel
  9171 | D:8      | Found Gozag's Platinum Reserve.
  9253 | D:8      | Killed Pikel
  9288 | D:8      | Found Kostruh's Book Boutique.
  9611 | D:8      | Found a staircase to the Lair.
 10320 | D:8      | Reached XP level 10. HP: 41/53 MP: 11/11
 11621 | D:8      | Paralysed by a wasp for 3 turns
 11748 | D:8      | Reached skill level 10 in Staves
 12362 | D:8      | Became a worshipper of Gozag Ym Sagoz the Greedy
 12534 | D:9      | Found a flagged portal.
 12550 | Bailey   | Entered a bailey
 12808 | Bailey   | Reached skill level 5 in Dodging
 13314 | D:9      | Found a hazy altar of Hepliaklqana.
 13442 | D:9      | Identified a scroll of acquirement
 13443 | D:9      | Got a brightly glowing lajatang
 13444 | D:9      | Identified the +1 lajatang of Virtue {flame, Str+3} (You acquired it on level 9 of the Dungeon)
 13691 | D:9      | Reached skill level 5 in Stealth
 13736 | D:10     | Entered Level 10 of the Dungeon
 13858 | D:10     | Noticed rlgrobin's ghost (journeyman NaIE)
 14157 | Lair:1   | Entered Level 1 of the Lair of Beasts
 14455 | Lair:1   | Noticed a spiny frog
 14456 | Lair:1   | Noticed a spiny frog
 14470 | Lair:1   | Killed a spiny frog
 14484 | Lair:1   | Killed a spiny frog
 14484 | Lair:1   | Reached XP level 11. HP: 56/56 MP: 12/12
 15152 | Lair:1   | Bought a scroll labeled CIONERIXTY for 30 gold pieces
 15152 | Lair:1   | Bought a scroll labeled MIMEENEKHUL for 30 gold pieces
 15154 | Lair:1   | Bought a curved ivory wand for 120 gold pieces
 15676 | Lair:2   | Noticed Erica
 15695 | Lair:2   | Killed Erica
 15895 | Lair:2   | You fall through a shaft!
 15953 | Lair:3   | Found a labyrinth entrance.
 16039 | Lab      | Entered a labyrinth
 16205 | Lab      | Noticed a minotaur
 16218 | Lab      | Got a smoking glass ring
 16230 | Lair:3   | Learned a level 6 spell: Haste
 16231 | Lair:3   | Identified the ring of Absolutism {rC+ Int+3 Dex+3 Slay+2 Stlth+} (You found it in a labyrinth)
 16819 | Lair:3   | Found a hole to the Spider Nest.
 17077 | Lair:1   | Bought a green potion for 27 gold pieces
 17077 | Lair:1   | Bought a runed robe for 21 gold pieces
 17077 | Lair:1   | Bought an encrusted iron wand for 120 gold pieces
 17431 | Lair:2   | Noticed a death yak
 17467 | Lair:2   | Noticed a death yak
 17467 | Lair:2   | Noticed a death yak
 17475 | Lair:2   | Noticed a death yak
 17476 | Lair:2   | Noticed a death yak
 17501 | Lair:2   | Noticed a death yak
 17502 | Lair:2   | Killed a death yak
 17511 | Lair:2   | Killed a death yak
 17876 | Lair:2   | Found a staircase to the Shoals.
 18431 | Lair:2   | Killed a death yak
 18431 | Lair:2   | Reached XP level 12. HP: 30/61 MP: 12/14
 18738 | Lair:2   | Killed a death yak
 18855 | Lair:2   | Killed a death yak
 18876 | Lair:2   | Killed a death yak
 19242 | Lair:3   | Reached skill level 5 in Evocations
 19254 | Lair:3   | Reached skill level 5 in Throwing
 20528 | Lair:4   | Noticed a seven-headed hydra
 20548 | Lair:4   | Killed a five-headed hydra
 21191 | Lair:5   | Found a dark tunnel.
 21200 | Volcano  | Entered a volcano
 21371 | Volcano  | Noticed an ogre mage
 21419 | Volcano  | Killed an ogre mage
 21419 | Volcano  | Reached XP level 13. HP: 36/65 MP: 20/20
 22658 | Lair:6   | Entered Level 6 of the Lair of Beasts
 23029 | Lair:6   | Found a staircase to the Slime Pits.
 24637 | Lair:5   | Bought an embroidered hat for 120 gold pieces
 24647 | Lair:5   | oh wow
 24650 | Lair:5   | Bought an embroidered robe for 21 gold pieces
 26538 | D:10     | Found a staircase to the Orcish Mines.
 26586 | D:10     | Reached skill level 10 in Dodging
 26640 | D:10     | Noticed Snorg
 26704 | D:10     | Found a roughly hewn altar of Beogh.
 26718 | D:10     | Reached XP level 14. HP: 61/74 MP: 21/21
 27118 | D:10     | Killed rlgrobin's ghost
 27520 | D:10     | Bought a pitted lajatang for 720 gold pieces
 27521 | D:10     | Identified the cursed +1 lajatang "Daxkeynt" {venom, MR++ Dex-5} (You bought it in a shop on level 10 of the Dungeon)
 27522 | D:10     | really
 27831 | D:11     | Learned a level 2 spell: Blink
 27833 | D:11     | Learned a level 1 spell: Apportation
 27836 | D:11     | Learned a level 2 spell: Shroud of Golubria
 28133 | D:11     | Noticed Gastronok
 28197 | D:11     | Killed Gastronok
 28197 | D:11     | Reached skill level 10 in Fighting
 28553 | D:12     | Reached skill level 1 in Charms
 28556 | D:12     | Reached skill level 1 in Translocations
 29552 | D:13     | Reached skill level 1 in Spellcasting
 29552 | D:13     | Reached skill level 5 in Charms
 29552 | D:13     | Reached skill level 5 in Translocations
 29639 | D:13     | Found a gate to the Vaults.
 30745 | D:13     | Found Warch's Jewellery Shoppe.
 31053 | Orc:1    | Entered Level 1 of the Orcish Mines
 31137 | Orc:1    | Found Qotierch's General Store.
 31550 | Orc:1    | Reached skill level 10 in Charms
 31785 | Orc:1    | Noticed an orc warlord
 31844 | Orc:1    | Killed an orc warlord
 32326 | Orc:1    | Noticed an orc warlord
 32370 | Orc:1    | Reached XP level 15. HP: 73/80 MP: 7/22
 32745 | D:8      | Bought a book of Air for 525 gold pieces
 32748 | D:8      | Learned a level 2 spell: Repel Missiles
 32931 | D:10     | Killed an orc warlord
 33478 | Orc:2    | Entered Level 2 of the Orcish Mines
 34124 | Orc:2    | Found a staircase to the Elven Halls.
 34416 | Orc:2    | Noticed ThereIsNoGod's ghost (journeyman MiGl)
 34582 | Orc:2    | Killed ThereIsNoGod's ghost
 35143 | Orc:2    | Found Gonus's Assorted Antiques.
 35143 | Orc:2    | Found Neall's Magic Scroll Shop.
 35186 | Orc:2    | uh
 35446 | Orc:2    | Bought a scroll of identify for 32 gold pieces
 35559 | Orc:2    | Identified a +1 rod of clouds (14/14) {!a} (You took it off an orc warrior on level 1 of the Orcish Mines)
 36125 | Orc:2    | Found a roughly hewn altar of Beogh.
 36139 | Orc:2    | Found Tagg's Gadget Emporium.
 36139 | Orc:2    | Found Loofuirosy's Food Shop.
 36286 | Orc:2    | Found a roughly hewn altar of Beogh.
 36642 | D:13     | Bought the ring "Fapishru" {Dex+2 Slay+2} for 343 gold pieces
 36665 | D:13     | Bought a golden potion for 29 gold pieces
 36665 | D:13     | Bought 3 scrolls of identify for 198 gold pieces
 36822 | D:14     | Noticed Nessos
 36833 | D:14     | Killed Nessos
 36984 | D:14     | Found a sparkling altar of Nemelex Xobeh.
 37396 | D:14     | Noticed Josephine
 37405 | D:14     | Killed Josephine
 37924 | D:14     | Noticed Urug
 37939 | D:14     | Killed Urug
 38111 | D:15     | Entered Level 15 of the Dungeon
 38449 | D:15     | Got a heavy robe
 38453 | D:15     | dont suck
 38463 | D:15     | Identified the cursed +1 robe of the Pit {rPois MR+ Str+4} (You found it on level 15 of the Dungeon)
 38533 | D:15     | Found Geabarentu's Magic Scroll Boutique.
 38538 | D:15     | Bought a scroll of identify for 24 gold pieces
 38538 | D:15     | Bought a scroll of identify for 24 gold pieces
 38538 | D:15     | Bought a scroll of identify for 24 gold pieces
 38675 | D:15     | Reached skill level 10 in Stealth
 38738 | D:15     | Found a staircase to the Depths.
 39462 | D:15     | Reached XP level 16. HP: 80/86 MP: 23/23
 39860 | Spider:1 | Entered Level 1 of the Spider Nest
 39860 | Spider:1 | Noticed Frances
 39869 | Spider:1 | Killed Frances
 39879 | Spider:1 | Noticed Louise
 39912 | Spider:1 | Killed Louise
 39991 | Spider:1 | grrrr
 41802 | Spider:3 | Bought a bloodstained troll leather armour for 310 gold pieces
 41816 | Spider:3 | Identified the cursed +1 troll leather armour "Qysh" {MR+ Regen+ Slay+3} (You bought it in a shop on level 3 of the Spider Nest)
 41829 | Spider:3 | Bought a glowing robe for 21 gold pieces
 41829 | Spider:3 | Bought an embroidered cloak for 139 gold pieces
 41829 | Spider:3 | Bought an embroidered robe for 21 gold pieces
 42687 | Spider:4 | Entered Level 4 of the Spider Nest
 42951 | Elf:1    | Entered Level 1 of the Elven Halls
 43057 | Elf:1    | Found a portal to a secret trove of treasure.
 44007 | Elf:2    | Reached skill level 1 in Armour
 44160 | Elf:2    | Found Donakefra's Jewellery Shoppe.
 44160 | Elf:2    | Found Ojizeiha's Gadget Boutique.
 44161 | Elf:2    | Found Derauwne's Jewellery Shoppe.
 44171 | Elf:2    | Bought the brooch of Shielding {Reflect SH+8} for 448 gold pieces
 44229 | Elf:2    | Found Ishrowuh's Weapon Boutique.
 44488 | Elf:2    | Found a huge runed gate.
 44488 | Elf:2    | Found a huge runed gate.
 44503 | Elf:2    | Found a huge runed gate.
 44755 | Elf:2    | Reached XP level 17. HP: 74/96 MP: 17/24
 44978 | Elf:2    | Reached skill level 5 in Armour
 45105 | Elf:2    | dang
 45796 | Elf:2    | Noticed a deep elf blademaster
 45853 | Elf:2    | Killed a deep elf blademaster
 46109 | Shoals:1 | Entered Level 1 of the Shoals
 46430 | Shoals:1 | Found Sutaesk's Book Shoppe.
 46541 | Shoals:1 | Killed from afar by a water nymph

Vault maps used:
D:1:      dpeg_arrival_arbitrary_a, minmay_misc_feat_iff, minmay_tromino_v7
D:2:      grunt_qazlal_sundering, nicolae_dithmenos_shadow_blocks,
          yredelemnul_altar_generic, lemuel_coloured_pillars_altar,
          fedhas_altar_3
D:3:      amethyst_overflow_temple_binary, minmay_door_square,
          hangedman_decor_opposing
D:4:      old_forge, overflow_temple_1_default, uniq_crazy_yiuf_cottage
D:5:      first_bread
D:6:      overflow_temple_1_default, nicolae_lava_and_water
D:7:      kennysheep_mini_moat, overflow_temple_1_default, lemuel_round_altar,
          serial_shops, nicolae_shop_crystal
D:8:      nicolae_gozag_zags_fifth_avenue, minmay_lair_entry_grove,
          serial_shops, shop, hangedman_pestilent_swarm, uniq_pikel
D:9:      marbit_many_paths, enter_bailey_3
D:10:     minmay_orc_entry_temple_small, worms_lemuel, uniq_snorg
D:11:     minmay_misc_feat_alley, uniq_gastronok
D:12:     serial_bayou_crossing
D:13:     erik_vaults_2, serial_shops, shop, kennysheep_generic_room_7
D:14:     nemelex_xobeh_ov_fountains_minmay, uniq_nessos, uniq_josephine,
          uniq_urug
D:15:     hangedman_depths_entry_try_elsewhere_first, serial_park_avenue1,
          serial_shops, nicolae_shop_trees
Temple:   corrupted_temple
Lair:1:   lemuel_reptile_caves, serial_bayou_shore_b
Lair:2:   minmay_shoals_entry_hut, serial_bayou_shore_a, uniq_erica
Lair:3:   dummy_spider_entry, lab_entry_generic, grunt_forest_stairs_basic,
          st_stairs_8, beast_lair_carwin_10, serial_bayou_shore_b
Lair:5:   enter_volcano_2, hangedman_lair_unloving_vines, dpeg_oklob_1,
          serial_bayou_shore_b
Lair:6:   minmay_lair_end_enchanted_forest, nicolae_slime_entry_slimehenge,
          grunt_megastairs_4, infiniplex_staircase_pool
Shoals:1: serial_shops, shop
Spider:1: uniq_louise, uniq_frances
Spider:4: grunt_spider_rune_circles, spider_trap, spiders_nest_the_unseen
Orc:1:    serial_shops, shop, minmay_orc_treasury
Orc:2:    st_orc_town, basic_altar, special_room
Elf:1:    enter_trove_6, hangedman_elf_disciples
Elf:2:    serial_shops, nicolae_shop_waterfront, minmay_shop_grove
Lab:      labyrinth_mini_lab, nicolae_lab_hexagon
Bailey:   bailey_axe_1, bailey
Volcano:  volcano_pools

Skill      XL: |  1  2  3  4  5  6  7  8  9 10 11 12 13 14 15 16 17 |
---------------+----------------------------------------------------+-----
Staves         | 3 4 5 6 9 10 12 13 14 | 14.0
Stealth        | 1 5 11 | 11.1
Slings         | 1 4 6 |  6.4
Fighting       | 6 8 10 13 | 13.6
Dodging        | 6 10 12 | 12.0
Evocations     | 2 8 |  8.1
Throwing       | 7 |  7.2
Charms         | 11 14 | 14.5
Translocations | 7 |  7.0
Spellcasting   | 2 |  2.6
Armour         | 4 7 |  7.6

Action                   |  1- 3 |  4- 6 |  7- 9 | 10-12 | 13-15 | 16-18 || total
-------------------------+-------+-------+-------+-------+-------+-------++-------
Melee: Quarterstaff      |   124 |    93 |   339 |   226 |       |       ||   782
       Lajatang          |       |       |       |   548 |  1784 |   600 ||  2932
 Fire: Hunting sling     |       |    96 |   274 |   191 |       |       ||   561
       Blowgun           |       |       |       |    94 |   115 |    17 ||   226
Throw: Stone             |    29 |    19 |     2 |     2 |       |       ||    52
       Tomahawk          |       |       |    38 |   133 |   435 |   268 ||   874
       Throwing net      |       |       |     1 |       |       |       ||     1
 Cast: Blink             |       |       |       |       |     9 |    13 ||    22
       Repel Missiles    |       |       |       |       |     4 |     3 ||     7
       Haste             |       |       |       |       |     3 |     9 ||    12
       Shroud of Golubri |       |       |       |       |     2 |    21 ||    23
Invok: Call Merchant     |       |       |       |     2 |     4 |     1 ||     7
       Potion Petition   |       |       |       |     1 |       |       ||     1
Evoke: Wand              |       |       |       |     1 |    34 |     2 ||    37
       Rod               |       |       |       |       |     7 |     1 ||     8
       Box of beasts     |       |       |       |       |     3 |       ||     3
       Phantom mirror    |       |       |       |       |     1 |       ||     1
  Use: Scroll            |       |     6 |     7 |    13 |    20 |    10 ||    56
       Potion            |       |       |       |     2 |     2 |     3 ||     7
 Stab: Sleeping          |     5 |     5 |     8 |    27 |    51 |    26 ||   122
       Distracted        |       |       |     1 |     9 |    26 |     4 ||    40
       Confused          |       |       |     3 |     1 |     7 |       ||    11
       Paralysed         |       |       |     1 |     2 |     6 |       ||     9
       Petrified         |       |       |     1 |       |       |       ||     1
       Petrifying        |       |       |       |     3 |       |       ||     3
  Eat: Bread ration      |       |     1 |     1 |       |     2 |     2 ||     6
       Royal jelly       |       |       |       |     2 |     7 |     1 ||    10
       Pizza             |       |       |       |     1 |     2 |       ||     3
       Fruit             |       |       |       |       |       |     3 ||     3
Armor: Robe              |     8 |     7 |    17 |    41 |   109 |    19 ||   201
       Troll leather arm |       |       |       |       |       |    24 ||    24
Dodge: Dodged            |    84 |   105 |   295 |   617 |  1336 |   502 ||  2939
       Deflected         |       |       |       |       |     7 |     8 ||    15
Block: Other             |       |       |       |       |       |    68 ||    68
       Reflection        |       |       |       |       |       |     5 ||     5
